 Dungeon Crawl Stone Soup version 0.28-a0-2-g643f2454ad (webtiles) character file.

Game seed: 15480039580335947516

5 Spectrina the Sneak (level 1, 0/20 HPs)
             Began as a Djinni Delver on July 22, 2021.
             Slain by a bullfrog zombie (4 damage)
             ... on level 5 of the Dungeon.
             The game lasted 00:01:03 (99 turns).

Spectrina the Sneak (Djinni Delver)                   Turns: 99, Time: 00:01:04

Health: 0/20       AC:  3    Str: 11    XL:     1   Next: 88%
Gold:   34         EV: 12    Int: 11    God:
                   SH:  0    Dex: 14

rFire   + + .      SeeInvis +     - Unarmed
rCold   x . .      Faith    .   (no shield)
rNeg    . . .      Spirit   .   a - +0 leather armour
rPois   ∞          Reflect  .   (no helmet)
rElec   .          Harm     .   (no cloak)
rCorr   .          Rampage  .   (no gloves)
Will    .....                   (boots unavailable)
Stlth   ++........              (no amulet)
HPRegen 0.06/turn               h - ring of see invisible
MPRegen 0.00/turn               (no ring)

@: flying
A: sickness immunity, fire resistance 2, cold vulnerability 1, float, innate
caster, hp casting, extra vitality 1
a: no special abilities


You were on level 5 of the Dungeon.
You visited 1 branch of the dungeon, and saw 2 of its levels.

You collected 34 gold pieces.

Inventory:

Armour
 a - a +0 leather armour (worn)
Jewellery
 h - a ring of see invisible (left hand)
Wands
 f - a wand of digging (3)
Scrolls
 b - a scroll of fog
 c - a scroll of magic mapping
 d - a scroll of fear
 i - a scroll of identify {unknown}
Potions
 e - a potion of haste


   Skills:
 - Level 3.0 Fighting
 - Level 2.1 Dodging
 - Level 4.1 Stealth
 - Level 2.0 Unarmed Combat
 * Level 0.9 Spellcasting


You had one spell level left.
You didn't know any spells.
Your spell library was empty.

Dungeon Overview and Level Annotations

Branches:
Dungeon (6/15)
 Temple: D:4-7

Altars:


Innate Abilities, Weirdness & Mutations

You are immune to sickness and miasma.
You are immune to poison.
Your flesh is very heat resistant. (rF++)
You are vulnerable to cold. (rC-)
You float through the air rather than walking.
You learn spells naturally, not from books.
Your magical power is your life essence.
You have superior vitality. (+4 HP)


Message History

Found 23 arrows.
You reach down and open the door.
Unknown command.
You feel yourself speed up.
There is an open door here.
You reach down and open the door.
There is an open door here.
You reach down and open the door.
Found 14 gold pieces.
Unknown command.
There is an open door here.
You see here 14 gold pieces.
You now have 34 gold pieces (gained 14).
There is an open door here.
There is an open door here. 4 wights come into view.
A wight is wielding a +1 mace of freezing.
Found a scroll labelled HILYOMP GEUF.
Unknown command.
Unknown command.
You recover from your berserk rage.
There is an open door here.
The adder hisses angrily.
There is a stone staircase leading up here.
The adder barely misses you.
You fly upwards.
A hound, an orc, an orc wizard and a zombie come into view.
The hound closely misses you. The hound bites you.
* * * LOW HITPOINT WARNING * * *
Found 18 gold pieces and a thin runed staff.
There is a stone staircase leading down here.
Unknown command.
Unknown command.
As you read the scroll labelled POUMIM RAOSUMA, it crumbles to dust.
It is a scroll of amnesia.
You feel forgetful for a moment.
The orc shouts!
The orc wizard shouts!
The adder bites you but does no damage. The hound misses you.
The bullfrog zombie hits you.
You die...

##.#......... .
.###... ......#...###
##.#.#.... ##....#.#.#
#..#.....#####........
...........#
#..#.###.. .........#
#. ## .. #.......#
#...Z...#...
#...@.....#
.o....h.S....#
|$.o..#$.....#
..........##... .....
....# .# ........... #
.... .......
.............


You could see a hound, an orc wizard, an adder, an orc and a bullfrog zombie.

Vanquished Creatures
  An ufetubus (D:5)
1 creature vanquished.

Notes
Turn   | Place    | Note
-------+----------+-------------------------------------------
     0 | D:5      | Spectrina the Djinni Delver began the quest for the Orb.
     0 | D:5      | Reached XP level 1. HP: 20/20 MP: 0/0
    28 | D:5      | HP: 1/30 [ufetubus (2)]
    80 | D:6      | Noticed a wight
    80 | D:6      | Noticed a wight
    80 | D:6      | Noticed a wight
    80 | D:6      | Noticed a wight
    98 | D:5      | Noticed an orc wizard
    98 | D:5      | Noticed a hound
    99 | D:5      | Slain by a bullfrog zombie

Illustrated notes

Levels and vault maps discovered:
D:5:      layout_cave_pools, uniq_grinder
D:6:      layout_gridville, minmay_temple_entry_stoned_glass, minivault_5

Action                   || total
-------------------------++-------
Melee: Unarmed           ||     8
  Use: Scroll            ||     1
       Potion            ||     1
Armor: Leather armour    ||     2
Dodge: Dodged            ||    13

Table legend: (Time is in decaauts)
 A = Elapsed time spent in this place.
 B = Non-inter-level travel time spent in this place.
 C = Inter-level travel time spent in this place.
 D = Time resting spent in this place.
 E = Time spent auto-exploring this place.
 F = Levels seen in this place.
 G = Mean time per level.
                   A        B        C        D        E       F      G
               +--------+--------+--------+--------+--------+-----+--------+
         Total |    110 |    110 |      0 |      0 |      0 |   2 |   55.0 |
       Dungeon |    110 |    110 |      0 |      0 |      0 |   2 |   55.0 |
               +--------+--------+--------+--------+--------+-----+--------+

Top non-repeatable levels by time:
     D:6: 70 daAuts
     D:5: 40 daAuts
